 Dungeon Crawl Stone Soup version 0.29.1-1-gd02db6906a (webtiles) character file.

Game seed: 4427054534104305479

159 halvedace the Chopper (level 5, -3/47 HPs)
             Began as a Minotaur Berserker on Oct 18, 2022.
             Was a Believer of Trog.
             Slain by a gnoll
             ... wielding a +1 halberd of distortion
              (10 damage)
             ... on level 4 of the Dungeon.
             The game lasted 00:07:56 (2916 turns).

halvedace the Chopper (Minotaur Berserker)          Turns: 2916, Time: 00:07:57

Health: -3/47      AC:  4    Str: 23    XL:     5   Next: 17%
Magic:  4/4        EV: 16    Int:  4    God:    Trog [**....]
Gold:   53         SH:  0    Dex: 10    Spells: 4/4 levels left

rFire   . . .      SeeInvis .   a - +0 hand axe
rCold   . . .      Faith    .   (no shield)
rNeg    . . .      Spirit   .   g - +0 leather armour
rPois   .          Reflect  .   (helmet restricted)
rElec   .          Harm     .   (no cloak)
rCorr   .          Rampage  .   (no gloves)
Will    .....      Rage     9%  j - +0 pair of boots
Stlth   +.........              (no amulet)
HPRegen 0.00/turn               e - ring of flight
MPRegen 0.09/turn               d - +4 ring of evasion

@: flying, inhibited regen
A: horns 2, retaliatory headbutt, berserk 2, inhibited regeneration
a: Renounce Religion, Berserk, Trog's Hand


You were on level 4 of the Dungeon.
You worshipped Trog.
Trog was pleased with you.
You visited 1 branch of the dungeon, and saw 3 of its levels.
You visited the Abyss 1 time.

You collected 53 gold pieces.

Inventory:

Hand Weapons
 a - a +0 hand axe (weapon)
 c - a +0 dagger of venom
Armour
 g - a +0 leather armour (worn)
 j - a +0 pair of boots (worn)
Jewellery
 d - a +4 ring of evasion (right hand)
 e - a ring of flight (left hand)
Wands
 i - a wand of flame (6)
Scrolls
 f - a scroll of identify
 h - a scroll of enchant weapon {unknown}
Potions
 b - a potion of resistance
 k - a potion of flight


   Skills:
 + Level 4.6 Fighting
 + Level 5.3 Axes
 + Level 3.1 Armour
 + Level 3.3 Dodging
 + Level 0.5 Stealth


You had 4 spell levels left.
You didn't know any spells.
Your spell library was empty.

Dungeon Overview and Level Annotations

Branches:
Dungeon (4/15)
 Temple: D:4-7

Altars:
Vehumet
Xom


Innate Abilities, Weirdness & Mutations

You have a pair of horns on your head.
You reflexively headbutt those who attack you in melee.
You have an uncontrollable temper.
You do not regenerate when monsters are visible.


Message History

The quasit barely misses you. The quasit misses you.
The quasit claws you but does no damage.
The quasit closely misses you. x2; The quasit barely misses you.
You slash the quasit!
You kill the quasit!
Trog accepts your kill.
You feel your dexterity returning.
Your Armour skill increases to level 3!
You have reached level 5!
You start resting.
The substance of the Abyss twists violently, and a gateway leading out appears!
A wretched star comes into view.
A neqoxec comes into view.
There is a gateway leading out of the Abyss here.
You pass through the gate.
Welcome back to the Dungeon!
The gnoll hits you with a +0 whip!
The gnoll throws a throwing net.
The throwing net closely misses you. The gnoll barely misses you.
You see here a +0 halberd.
You hit the gnoll.
The gnoll is lightly wounded.
The gnoll hits you with a +0 whip!
You closely miss the gnoll. You headbutt the gnoll!
The gnoll is severely wounded.
The gnoll closely misses you. x2
You slash the gnoll!
You kill the gnoll!
Trog accepts your kill. The gnoll barely misses you.
A gnoll is nearby!
The gnoll barely misses you.
You completely miss the gnoll. The gnoll misses you.
You slash the gnoll!
The gnoll is heavily wounded.
The gnoll misses you. You furiously retaliate!
You headbutt the gnoll. You closely miss the gnoll.
The gnoll is severely wounded.
The gnoll hits you with a +1 halberd of distortion!
* * * LOW HITPOINT WARNING * * *
Space warps horribly around you!
You die...

#.# ... ..
#.#######
#.......#
#.......#
#...g...#
#.##...@...######
.......)........#
.#.#...).!.####
#..(......#
######.##.# #
#.##.##.#
######.......#
...........#### #
######
#..#######..# #


You could see a gnoll.

Vanquished Creatures
  2 quasits (Abyss:1)
  2 gnolls (D:4)
  3 adders (D:2)
  3 dart slugs (D:1)
  3 bats (D:1)
  3 endoplasms
  2 giant cockroaches
  3 goblins (D:1)
  5 hobgoblins
  A jackal (D:2)
  2 quokkas (D:2)
  5 ball pythons
  3 frilled lizards
  6 kobolds
  5 rats
48 creatures vanquished.

Notes
Turn   | Place    | Note
-------+----------+-------------------------------------------
     0 | D:1      | halvedace the Minotaur Berserker began the quest for the
                  | Orb.
     0 | D:1      | Reached XP level 1. HP: 19/19 MP: 0/0
    30 | D:1      | HP: 1/20 [poisoned by a goblin]
   623 | D:1      | Reached XP level 2. HP: 22/27 MP: 1/1
   868 | D:1      | Reached skill level 4 in Axes
  1615 | D:1      | Found a faded altar of an unknown god.
  1961 | D:2      | Reached XP level 3. HP: 29/34 MP: 2/2
  1962 | D:2      | Gained mutation: You have hidden genetic defects. [potion
                  | of mutation]
  1962 | D:2      | Gained mutation: You do not regenerate when monsters are
                  | visible. [potion of mutation]
  2003 | D:2      | Found a shimmering altar of Xom.
  2011 | D:2      | Reached ** piety under Trog
  2039 | D:2      | Gained mutation: You sometimes lose your temper in combat.
                  | [hidden defects]
  2270 | D:2      | Gained mutation: You have an uncontrollable temper. [hidden
                  | defects]
  2270 | D:2      | Lost mutation: You have hidden genetic defects. [hidden
                  | defects expressed]
  2474 | D:2      | Reached XP level 4. HP: 41/41 MP: 3/3
  2578 | D:2      | You are sucked into a shaft and drop 2 floors!
  2622 | D:4      | Found a radiant altar of Vehumet.
  2789 | Abyss:1  | Cast into level 1 of the Abyss (gnoll)
  2855 | Abyss:1  | Reached skill level 5 in Axes
  2891 | Abyss:1  | Reached XP level 5. HP: 29/47 MP: 4/4
  2905 | Abyss:1  | Noticed a wretched star
  2905 | Abyss:1  | Noticed a neqoxec
  2909 | D:4      | Escaped the Abyss
  2916 | D:4      | Slain by a gnoll

Illustrated notes

Levels and vault maps discovered:
D:1:      minmay_arrival_diagonal_passages, layout_basic,
          ebering_ecumenical_altar_sacrificial, chequers_decorated_corner,
          minivault_27, moated_statue
D:2:      layout_rooms, basic_altar, columned_hall_lemuel, minmay_vboxes
D:4:      layout_loops_cross, vehumet_altar_wand_db

Skill      XL: |  1  2  3  4 |
---------------+-------------+-----
Fighting       | 4 |  4.6
Axes           | 4 5 |  5.3
Dodging        | 3 |  3.3
Armour         | 3 |  3.1
Stealth        | |  0.5

Action                   |  1- 3 |  4- 6 || total
-------------------------+-------+-------++-------
Melee: Hand axe          |    81 |    24 ||   105
       Headbutt          |    13 |     2 ||    15
       Punch             |     1 |       ||     1
Invok: Trog's Hand       |     2 |       ||     2
  Use: Potion            |     7 |       ||     7
       Scroll            |     3 |     2 ||     5
Armor: Animal skin       |     7 |       ||     7
       Leather armour    |     9 |     4 ||    13
Dodge: Dodged            |    74 |    49 ||   123
